 Dungeon Crawl Stone Soup version 0.25-a0-869-g05d4e06a41 (webtiles) character file.

Game seed: 5892845015838686703, levelgen mode: deterministic

48 gruber the Chopper (level 3, 0/28 HPs)
             Began as a Gnoll Wanderer on Apr 30, 2020.
             Succumbed to an adder's poison
             ... on level 2 of the Dungeon.
             The game lasted 00:01:20 (884 turns).

gruber the Chopper (Gnoll Wanderer)                  Turns: 884, Time: 00:01:21

Health: 0/28       AC:  8    Str: 15    XL:     3   Next: 72%
Magic:  4/4        EV:  9    Int: 12    God:
Gold:   62         SH:  0    Dex: 16    Spells: 2/3 levels left

rFire    . . .     SeeInvis .   a - +0 dagger
rCold    . . .     Gourm    .   (no shield)
rNeg     . . .     Faith    .   d - +2 scale mail
rPois    .         Spirit   .   (no helmet)
rElec    .         Reflect  .   (no cloak)
rCorr    .         Harm     .   (no gloves)
MR       .....                  (no boots)
Stlth    +.........             (no amulet)
HPRegen  0.09/turn              (no ring)
MPRegen  0.09/turn              (no ring)

@: lethally poisoned (0 -> -9)
A: distributed training, fangs 1, strong nose
a: no special abilities


You were on level 2 of the Dungeon.
You were not hungry.

You visited 1 branch of the dungeon, and saw 2 of its levels.

You collected 62 gold pieces.

Inventory:

Hand Weapons
 a - a +0 dagger (weapon)
Missiles
 e - 7 boomerangs (quivered)
Armour
 d - a +2 scale mail (worn)
Scrolls
 b - 2 scrolls of identify {unknown}
 g - 2 scrolls of amnesia {unknown}
 h - a scroll of remove curse {unknown}
Potions
 c - a potion of lignification
Comestibles
 f - 5 rations


   Skills:
 + Level 2.6 Fighting
 + Level 0.9 Short Blades
 + Level 0.9 Long Blades
 + Level 6.5 Axes
 + Level 0.9 Maces & Flails
 + Level 0.9 Polearms
 + Level 0.9 Staves
 + Level 0.9 Slings
 + Level 0.9 Bows
 + Level 0.9 Crossbows
 + Level 0.9 Throwing
 + Level 2.6 Armour
 + Level 0.9 Dodging
 + Level 4.2 Stealth
 + Level 0.9 Shields
 + Level 0.9 Unarmed Combat
 + Level 0.9 Spellcasting
 + Level 0.6 Conjurations
 + Level 0.6 Hexes
 + Level 0.6 Charms
 + Level 0.6 Summonings
 + Level 0.6 Necromancy
 + Level 2.1 Translocations
 + Level 0.6 Transmutations
 + Level 3.8 Fire Magic
 + Level 0.6 Ice Magic
 + Level 0.6 Air Magic
 + Level 0.6 Earth Magic
 + Level 0.6 Poison Magic
 + Level 1.0 Invocations
 + Level 0.9 Evocations


You had 2 spell levels left.
You knew the following spells:

 Your Spells              Type           Power        Failure   Level  Hunger
a - Pain                  Necr           #...         65%         1    ##.....

Your spell library contained the following spells:

 Spells                   Type           Power        Failure   Level  Hunger
 Vampiric Draining        Necr           #.........   95%         3    ####...


Dungeon Overview and Level Annotations

Branches:
Dungeon (2/15)

Altars:


Innate Abilities, Weirdness & Mutations

Your experience applies equally to all skills.
You have very sharp teeth.
Your uncanny sense of smell can sniff out nearby items.


Message History

* * * LOW HITPOINT WARNING * * *
You are more poisoned.
The adder poisons you! The frilled lizard bites you.
* * * LOW HITPOINT WARNING * * *
The adder bites you but does no damage.
Unknown command.
Unknown command.
You miss the adder.
The adder is lightly wounded.
* * * LOW HITPOINT WARNING * * *
You feel sick.
The frilled lizard bites you but does no damage.
The adder bites you but does no damage.
You hit the adder. Your bite misses the adder.
The adder is lightly wounded.
The frilled lizard bites you but does no damage.
The adder bites you but does no damage.
You hit the adder. Your bite misses the adder.
The adder is moderately wounded.
You die...

##### ##### ######...
#...####...##.#
#.#......#....###.##
###.######.........$.#
#.....# ####...#.#..
#.#.#># ##..#.#..#
##.#.#.# #.@S....#
.....# # #l##.##.#
.#.### #.# ... .#.#
#.# ##.# .#.. #.# #
.###### $.# ......#
... .####.# ?..
.####.# #..#∆


You could see an adder and a frilled lizard.

Vanquished Creatures
  An ooze (D:1)
  3 leopard geckos (D:1)
  6 bats
  A giant cockroach (D:1)
  7 goblins (D:1)
  2 hobgoblins (D:1)
  5 jackals (D:1)
  4 kobolds
  A ball python (D:1)
  3 frilled lizards (D:1)
  7 rats (D:1)
40 creatures vanquished.

Notes
Turn   | Place    | Note
-------+----------+-------------------------------------------
     0 | D:1      | gruber the Gnoll Wanderer began the quest for the Orb.
     0 | D:1      | gruber set off with the following items: a +0 dagger, a
                  | potion of lignification, a +2 scale mail, a ration; and the
                  | following spell memorised: Pain; and the following spells
                  | available to memorise: Vampiric Draining
     0 | D:1      | Reached XP level 1. HP: 17/17 MP: 1/1
   118 | D:1      | Reached XP level 2. HP: 16/23 MP: 2/2
   308 | D:1      | Reached XP level 3. HP: 18/28 MP: 3/3
   525 | D:1      | Reached skill level 1 in Invocations
   881 | D:2      | HP: 1/28 [frilled lizard (2)]
   884 | D:2      | Succumbed to an adder's poison

Levels and vault maps discovered:
D:1:      dpeg_arrival_chambers_temple_mockup, layout_basic
D:2:      layout_loops_cross, uniq_terence

Skill      XL: |  1  2  3 |
---------------+----------+-----
Translocations | 2 |  2.1
Invocations    | 1 |  1.0
Fighting       | |  2.6
Short Blades   | |  0.9
Long Blades    | |  0.9
Axes           | |  6.5
Maces & Flails | |  0.9
Polearms       | |  0.9
Staves         | |  0.9
Slings         | |  0.9
Bows           | |  0.9
Crossbows      | |  0.9
Throwing       | |  0.9
Armour         | |  2.6
Dodging        | |  0.9
Stealth        | |  4.2
Shields        | |  0.9
Unarmed Combat | |  0.9
Spellcasting   | |  0.9
Conjurations   | |  0.6
Hexes          | |  0.6
Charms         | |  0.6
Summonings     | |  0.6
Necromancy     | |  0.6
Transmutations | |  0.6
Fire Magic     | |  3.8
Ice Magic      | |  0.6
Air Magic      | |  0.6
Earth Magic    | |  0.6
Poison Magic   | |  0.6
Evocations     | |  0.9

Action                   || total
-------------------------++-------
Melee: Dagger            ||   205
       Bite              ||    18
 Stab: Sleeping          ||     1
Armor: Scale mail        ||   142
Dodge: Dodged            ||   132

Table legend:
 A = Non-vault XP
 B = Vault XP
 C = Vault XP percentage of total XP
 D = Non-vault monster count
 E = Vault monster count
 F = Vault count percentage of total count
                 A         B        C        D         E       F
            +---------+---------+-------+---------+---------+-------
      Total |      69 |       0 |   0.0 |      40 |       0 |   0.0
            +---------+---------+-------+---------+---------+-------
        D:1 |      67 |       0 |   0.0 |      38 |       0 |   0.0
        D:2 |       2 |       0 |   0.0 |       2 |       0 |   0.0
            +---------+---------+-------+---------+---------+-------
